 Dungeon Crawl Stone Soup version 0.23.0-3-gf3c87f2 (webtiles) character file.

Game seed: 3218546315537060007

3226 Borgoz the Ruffian (level 9, -12/79 HPs)
             Began as a Ghoul Gladiator on Feb 24, 2019.
             Was an Initiate of Ashenzari.
             Mangled by a yak (16 damage)
             ... on level 7 of the Dungeon.
             The game lasted 00:11:38 (6061 turns).

Borgoz the Ruffian (Ghoul Gladiator)                Turns: 6061, Time: 00:11:39

Health: -12/79     AC:  6    Str: 17 (18) XL:     9   Next: 98%
Magic:  8/8        EV: 14    Int:  4 (5)  God:    Ashenzari [......]
Gold:   470        SH:  0    Dex:  9 (11) Spells: 8/8 levels left

rFire    . . .     SeeInvis .     - Unarmed
rCold    + . .     Gourm    .   (no shield)
rNeg     + + +     Faith    .   a - +0 leather armour
rPois    ∞         Spirit   .   b - +0 helmet
rElec    .         Reflect  .   (no cloak)
rCorr    .         Harm     .   (no gloves)
MR       .....                  j - +0 pair of boots
Stlth    +++.......             (no amulet)
HPRegen  0.00/turn              (no ring)
MPRegen  0.11/turn              (no ring)

@: rotting
A: rotting body, claws 1, carnivore, cold resistance 1, negative energy
resistance 3, inhibited regeneration, torment resistance, unbreathing
a: Curse Item, Renounce Religion


You were on level 7 of the Dungeon.
You worshipped Ashenzari.
Ashenzari was noncommittal.
You were not hungry.

You visited 2 branches of the dungeon, and saw 8 of its levels.

You collected 470 gold pieces.

Inventory:

Missiles
 c - 2 throwing nets (quivered)
Armour
 a - a +0 leather armour (worn)
 b - a +0 helmet (worn)
 j - a +0 pair of boots (worn)
Jewellery
 f - an uncursed ring of protection from fire
Wands
 q - a wand of flame (25)
 v - a wand of paralysis (5)
Scrolls
 g - a scroll of random uselessness {unknown}
 i - 4 scrolls of teleportation
 m - 2 scrolls of remove curse
 o - a scroll of amnesia
 p - a scroll of enchant armour {unknown}
Potions
 e - a potion of curing {unknown}
 h - a potion of degeneration
 l - 2 potions of resistance {unknown}
 n - a potion of flight {unknown}
 r - a potion of haste {unknown}
 u - a potion of magic {unknown}
Comestibles
 d - 14 rations


   Skills:
 + Level 7.2 Fighting
 - Level 1.7 Throwing
 + Level 5.5 Armour
 + Level 6.3 Dodging
 + Level 6.3 Stealth
 + Level 7.6 Unarmed Combat


You had 8 spell levels left.
You didn't know any spells.
Your spell library contained the following spells:

 Spells                   Type           Power        Failure   Level  Hunger
 Animate Skeleton         Necr           N/A          56%         1    ##.....
 Apportation              Tloc           #.....       56%         1    ##.....
 Confusing Touch          Hex            #.....       56%         1    ##.....
 Freeze                   Ice            #...         56%         1    ##.....
 Sting                    Conj/Pois      #...         56%         1    ##.....
 Summon Small Mammal      Summ           #...         56%         1    ##.....
 Poisonous Vapours        Pois/Air       #.....       71%         2    ###....
 Throw Frost              Conj/Ice       #.....       71%         2    ###....
 Mephitic Cloud           Conj/Pois/Air  #.......     90%         3    ####...
 Ozocubu's Armour         Chrm/Ice       #.......     90%         3    ####...
 Olgreb's Toxic Radiance  Pois           #.......     100%        4    #####..
 Summon Ice Beast         Ice/Summ       #.......     100%        4    #####..
 Throw Icicle             Conj/Ice       #.......     100%        4    #####..
 Venom Bolt               Conj/Pois      #.........   100%        5    ######.


Dungeon Overview and Level Annotations

Branches:
Dungeon (7/15)             Temple (1/1) D:7

Altars:
Ashenzari
Cheibriados
Dithmenos
Elyvilon
Gozag
Okawaru
Qazlal

Shops:
D:4 *   D:6 ((

Annotations:
D:3 1 runed translucent door, Uhlv's ghost, amateur TrSk


Innate Abilities, Weirdness & Mutations

Your body is rotting away.
You thrive on raw meat.
You are immune to poison.
You have sharp fingernails.
You are carnivorous and can eat meat at any time.
Your flesh is cold resistant. (rC+)
You are immune to negative energy. (rN+++)
You do not regenerate when monsters are visible.
You are immune to unholy pain and torment.
You can survive without breathing.


Message History

You feel weakened.
You feel dopey.
You feel clumsy. The human hits you but does no damage.
You claw the human!
The human is severely wounded.
The human barely misses you.
You scratch the human.
The human is almost dead.
The human hits you with a +0 hand axe!
* * * LOW HITPOINT WARNING * * *
You scratch the human.
You kill the human!
The yak gores you but does no damage.
There is an open door, spattered with blood here.
Things that are here:
a +0 hand axe; a +0 animal skin You claw the yak!
The yak is moderately wounded.
The yak barely misses you. The yak gores you!
You die...

.....#####............###.#.# #
###.## #.##.######.## #.#.# # #
#.# #.##.# ### #.#.# # ###.#
#.##.# #.#.# # ....#
#.##>###########.#.#####
##..######÷##.#.....#.....#......
#.........Y###.....#############
#.########..####)### ##.#
##..#.@Y.%# ...# #..'...%%# ####
##.####### ###


You could see a yak.

Vanquished Creatures
  Pikel (D:5)
  Grinder (D:3)
  Prince Ribbit (D:6)
  A human (D:7)
  3 hogs (D:7)
  Menkaure (D:7)
  An ice beast (D:6)
  A black bear (D:7)
  A centaur (D:6)
  A crocodile (D:6)
  2 bullfrogs (D:6)
  A scorpion (D:4)
  A howler monkey (D:6)
  5 crimson imps
  A bullfrog zombie (D:7)
  2 orc priests (D:3)
  A centaur skeleton (D:6)
  7 hounds
  3 jellies (D:7)
  5 orc wizards
  3 iguanas
  5 worker ants
  2 hound zombies
  5 adders
  A gnoll (D:1)
  3 shadow imps
  An ooze (D:3)
  An adder skeleton (D:4)
  2 worms
  5 dart slugs
  5 leopard geckos
  11 orcs
  4 ball pythons
  6 bats
  7 giant cockroaches
  8 goblins
  8 hobgoblins
  4 jackals (D:4)
  9 quokkas
  5 frilled lizards
  A jackal skeleton (D:4)
  5 kobolds
  5 rats
146 creatures vanquished.

Vanquished Creatures (others)
  An orc priest (D:4)
1 creature vanquished.

Grand Total: 147 creatures vanquished

Notes
Turn   | Place    | Note
-------+----------+-------------------------------------------
     0 | D:1      | Borgoz the Ghoul Gladiator began the quest for the Orb.
     0 | D:1      | Reached XP level 1. HP: 17/17 MP: 0/0
   152 | D:1      | Reached XP level 2. HP: 20/25 MP: 1/1
   534 | D:1      | Reached skill level 1 in Armour
   557 | D:1      | Reached XP level 3. HP: 18/30 MP: 2/2
  1390 | D:2      | Reached XP level 4. HP: 32/37 MP: 3/3
  1693 | D:2      | Found a white marble altar of Elyvilon.
  2094 | D:3      | Noticed Grinder
  2119 | D:3      | Killed Grinder
  2119 | D:3      | Reached XP level 5. HP: 17/46 MP: 4/4
  2119 | D:3      | Reached XP level 6. HP: 19/52 MP: 5/5
  2497 | D:3      | Found a runed translucent door.
  2918 | D:3      | Noticed Uhlv's ghost (amateur TrSk)
  2968 | D:4      | Reached skill level 1 in Stealth
  3016 | D:4      | Reached XP level 7. HP: 39/59 MP: 6/6
  3023 | D:4      | Reached skill level 5 in Unarmed Combat
  3108 | D:4      | Noticed Pikel
  3149 | D:5      | Entered Level 5 of the Dungeon
  3159 | D:5      | Killed Pikel
  3159 | D:5      | Reached skill level 5 in Fighting
  3159 | D:5      | Reached XP level 8. HP: 19/68 MP: 7/7
  3251 | D:4      | Found Soifu's Lightly-Used Armoury.
  3578 | D:5      | Found an iron altar of Okawaru.
  3782 | D:5      | Reached skill level 5 in Dodging
  4108 | D:6      | Found a snail-covered altar of Cheibriados.
  4510 | D:6      | Found a stormy altar of Qazlal.
  4588 | D:6      | Noticed Prince Ribbit
  4608 | D:6      | Found Cippupyo's Antique Weapon Boutique.
  4712 | D:6      | Found a snail-covered altar of Cheibriados.
  4735 | D:6      | Found Lual's Weapon Shoppe.
  4825 | D:6      | Reached XP level 9. HP: 52/75 MP: 8/8
  4943 | D:6      | Killed Prince Ribbit
  4943 | D:6      | Reached skill level 5 in Stealth
  5078 | D:7      | Noticed Menkaure
  5090 | D:7      | Killed Menkaure
  5374 | D:7      | Reached skill level 5 in Armour
  5390 | D:7      | Found a staircase to the Ecumenical Temple.
  5400 | Temple   | Entered the Ecumenical Temple
  5419 | Temple   | Became a worshipper of Ashenzari the Shackled
  6061 | D:7      | Mangled by a yak

Skill      XL: |  1  2  3  4  5  6  7  8  9 |
---------------+----------------------------+-----
Dodging        | 3 4 5 6 |  6.3
Armour         | 1 2 3 4 5 |  5.5
Fighting       | 3 4 5 6 7 |  7.2
Unarmed Combat | 4 5 6 7 |  7.6
Stealth        | 1 3 4 6 |  6.3
Throwing       | |  1.7

Action                   |  1- 3 |  4- 6 |  7- 9 || total
-------------------------+-------+-------+-------++-------
Melee: Unarmed           |   107 |   145 |   412 ||   664
       Punch             |       |     1 |    11 ||    12
Throw: Throwing net      |       |       |     5 ||     5
  Use: Scroll            |       |     6 |     3 ||     9
       Potion            |       |     1 |     8 ||     9
 Stab: Sleeping          |       |     1 |     8 ||     9
       Distracted        |       |       |     1 ||     1
  Eat: Chunk             |     7 |     8 |    29 ||    44
Armor: Leather armour    |    32 |    42 |    82 ||   156
Dodge: Dodged            |    44 |    82 |   286 ||   412
